 Dungeon Crawl Stone Soup version 0.31.0-2-g5a2aebc5c2 (webtiles) character file.

Game seed: 6485607883440370114

203 groovy9 the Chopper (level 5, -4/47 HPs)
             Began as a Hill Orc Fighter on Jan 21, 2024.
             Slain by a sky beast (5 damage)
             ... on level 4 of the Dungeon.
             The game lasted 00:06:55 (2990 turns).

groovy9 the Chopper (Hill Orc Fighter)              Turns: 2990, Time: 00:06:56

Health: -4/47      AC:  9    Str: 21    XL:     5   Next: 81%
Magic:  5/5        EV:  5    Int:  8    God:
Gold:   195        SH: 12    Dex: 10    Spells: 4/4 levels left

rFire   . . .        a - +0 war axe
rCold   . . .        n - +0 tower shield
rNeg    . . .        p - +0 chain mail
rPois   .            (no helmet)
rElec   .            (no cloak)
rCorr   +            (no gloves)
SInv    .            (no boots)
Will    .....        (no amulet) Stlth
                     m - ring of resist corrosion
HPRegen 0.27/turn    (no ring)
MPRegen 0.09/turn

%: no passive effects
@: mighty
A: no striking features
a: no special abilities


You were on level 4 of the Dungeon.
You visited 1 branch of the dungeon, and saw 4 of its levels.

You collected 195 gold pieces.

Inventory:

Hand Weapons
 a - a +0 war axe (weapon)
 k - a +0 triple sword
Armour
 n - a +0 tower shield (worn)
 p - a +0 chain mail (worn)
Jewellery
 e - an amulet of magic regeneration
 h - an amulet of reflection
 m - a ring of resist corrosion (left hand)
Scrolls
 b - a scroll of enchant weapon {unknown}
 c - a scroll of vulnerability {unknown}
 g - 2 scrolls of identify {unknown}
 i - a scroll of amnesia {unknown}
 r - a scroll of immolation {unknown}
Potions
 d - a potion of might
 f - 2 potions of degeneration {unknown}
 j - 2 potions of curing {unknown}
 l - a potion of lignification {unknown}
 o - a potion of enlightenment {unknown}
 q - a potion of berserk rage {unknown}


   Skills:
 + Level 4.6 Fighting
 * Level 5.3 Axes
 + Level 4.2 Armour
 + Level 4.2 Shields


You had 4 spell levels left.
You didn't know any spells.
Your spell library contained the following spells:

 Spells                   Type           Power      Damage    Failure   Level
 Kiss of Death            Conj/Necr      0%         2d5       100%        1
 Confusing Touch          Hex            0%         N/A       100%        3
 Dispel Undead            Necr           0%         3d6       100%        4


Dungeon Overview and Level Annotations

Branches:
Dungeon (4/15)
 Temple: D:4-7

Altars:
The Shining One

Shops:
D:3 (


Message History

Deactivating autopickup; reactivate with Ctrl-A.
You continue taking off your amulet of magic regeneration. x3
You finish taking off your amulet of magic regeneration.
You start putting on your amulet.
You continue putting on your amulet of reflection.
Something hits you but does no damage.
You stop putting on your amulet.
You miss something. Something hits you. Something shocks you.
You barely miss something.
Something hits you but does no damage. x2
You barely miss something.
A sky beast appears from thin air!
Reactivating autopickup.
The sky beast hits you. The sky beast shocks you.
You closely miss the sky beast.
The sky beast hits you but does no damage.
You block the sky beast's attack.
You slash the sky beast!
The sky beast is moderately wounded.
You block the sky beast's attack.
You barely miss the sky beast.
The sky beast is moderately wounded.
The sky beast hits you but does no damage.
You block the sky beast's attack.
You hit the sky beast.
The sky beast is heavily wounded.
The sky beast hits you. The sky beast shocks you.
You feel very mighty all of a sudden.
The sky beast flickers out of sight!
Deactivating autopickup; reactivate with Ctrl-A.
Something hits you. Something shocks you.
You completely miss something. Something hits you but does no damage.
You block something's attack.
You miss something. Something hits you. Something shocks you.
* * * LOW HITPOINT WARNING * * *
You slash something! Something hits you.
* * * LOW HITPOINT WARNING * * *
Something shocks you.
* * * LOW HITPOINT WARNING * * *
Something hits you.
* * * LOW HITPOINT WARNING * * *
Something shocks you.
You die...

#.....>......# ....... #.
#............#.....# ......
## #............#.....# ....
#########....##....# ...
##....##....# #...........#
#...........# #........{..#
#########...###.@#
#......##...####'# #####
#............#...# #...#
#............#...# #...##
#............#...#.....#....#
#............#[..#.....#....#
#............#...#.....#....#
##'######....#...#.....#....#
#.)....##....#...#.....#...##


There were no monsters in sight!

Vanquished Creatures
  2 iguanas
  2 adders
  3 gnolls (D:4)
  A ribbon worm (D:4)
  3 dart slugs
  9 orcs
  10 endoplasms
  4 giant cockroaches
  11 hobgoblins
  2 quokkas (D:2)
  11 ball pythons
  5 bats
  A frilled lizard (D:3)
  7 goblins
  7 kobolds
  2 rats
80 creatures vanquished.

Notes
Turn   | Place    | Note
-------+----------+-------------------------------------------
     0 | D:1      | groovy9 the Hill Orc Fighter began the quest for the Orb.
     0 | D:1      | Reached XP level 1. HP: 19/19 MP: 1/1
    97 | D:1      | Reached skill level 3 in Axes
   131 | D:1      | Reached XP level 2. HP: 27/27 MP: 2/2
   372 | D:1      | Reached XP level 3. HP: 33/33 MP: 3/3
  1270 | D:2      | Reached skill level 4 in Axes
  1357 | D:2      | Reached XP level 4. HP: 40/40 MP: 4/4
  2084 | D:3      | Found Eniuhoco's Weapon Shop.
  2358 | D:3      | Reached XP level 5. HP: 35/47 MP: 5/5
  2717 | D:4      | Found a glowing golden altar of the Shining One.
  2793 | D:4      | Reached skill level 5 in Axes
  2973 | D:4      | Noticed a sky beast
  2990 | D:4      | HP: 1/47 [something (3)]
  2990 | D:4      | Slain by a sky beast

Illustrated notes

Levels and vault maps discovered:
D:1:      wheals_arrival_shading, layout_loops_ring
D:2:      layout_basic, kennysheep_generic_room_15
D:3:      layout_basic, serial_shops, shop, minivault_11
D:4:      layout_gridville, chei_slow_surprise, nicolae_tso_carved_into_rock

Skill      XL: |  1  2  3  4  5 |
---------------+----------------+-----
Axes           | 3 4 5 |  5.3
Fighting       | 4 |  4.6
Shields        | 4 |  4.2
Armour         | 4 |  4.2

Action                     |  1- 3 |  4- 6 || total
---------------------------+-------+-------++-------
  Melee: War axe           |   103 |   100 ||   203
    Use: Potion            |       |     2 ||     2
 Armour: Scale mail        |    61 |    32 ||    93
         Chain mail        |       |    30 ||    30
  Dodge: Dodged            |    50 |    15 ||    65
  Block: Buckler           |    21 |     1 ||    22
         Tower shield      |       |    59 ||    59
